 Dungeon Crawl Stone Soup version 0.17-a0-1078-g243345b (webtiles) character file.

38 Ruokin the Insei (level 3, -3/19 HPs)
             Began as a Vine Stalker Monk on May 18, 2015.
             Slain by a worm (4 damage)
             ... on level 2 of the Dungeon.
             The game lasted 00:04:28 (1122 turns).

Ruokin the Insei (Vine Stalker Monk)                Turns: 1122, Time: 00:04:28

Health: -3/19      AC:  0    Str: 13    XL:     3   Next: 43%
Magic:  0/4        EV: 13    Int: 10    God:
Gold:   83         SH:  0    Dex: 17    Spells: 0 memorised, 2 levels left

rFire  . . .     SeeInvis .       - Unarmed
rCold  . . .     Clarity  .     (no armour)
rNeg   . . .     SustAb   .     (no shield)
rPois  .         Gourm    .     (no helmet)
rElec  .         Spirit   +     (no cloak)
rCorr  .         Warding  .     (no gloves)
rMut   .         Stasis   .     (no boots)
MR     .....                    (no amulet)
Stlth  ++........               (no ring)
                                (no ring)

@: not resistant to hostile enchantments, unstealthy
A: fangs 2, regeneration 1, magic shield, antimagic bite, no device heal 3, rot
immunity
a: no special abilities


You were on level 2 of the Dungeon.
You were hungry.

You visited 1 branch of the dungeon, and saw 2 of its levels.

You collected 83 gold pieces.

Inventory:

Hand weapons
 h - a cursed -3 short sword
 n - a +0 short sword of venom
Missiles
 r - 3 javelins of returning (quivered)
Armour
 a - a +0 robe
 e - a +0 helmet
 s - a +0 robe of magic resistance
Jewellery
 q - an uncursed ring of protection from magic {unknown}
Scrolls
 c - a scroll of fear
 g - a scroll of noise {unknown}
 j - a scroll of random uselessness {unknown}
 k - a scroll of remove curse {unknown}
 m - a scroll of amnesia {unknown}
Potions
 d - a potion of cancellation {unknown}
 f - a potion of resistance {unknown}
 l - a potion of might {unknown}
 p - a potion of haste {unknown}
Comestibles
 b - a bread ration
 o - a meat ration


   Skills:
 + Level 2.9 Fighting
 + Level 2.8 Dodging
 + Level 2.8 Stealth
 + Level 4.4 Unarmed Combat


You had 2 spell levels left.
You didn't know any spells.

Dungeon Overview and Level Annotations

Branches:
Dungeon (2/15)

Altars:


Innate Abilities, Weirdness & Mutations

You have extremely sharp teeth.
Your natural rate of healing is unusually fast.
When hurt, damage is shared between your health and your magic reserves.
Your bite disrupts and absorbs the magic of your enemies.
Potions and wands cannot restore your health.
You are immune to rotting.


Message History

You hit the ooze. Your bite misses the ooze.
The ooze is moderately wounded.
The ooze barely misses you.
You hit the ooze. You bite the ooze, but do no damage.
The ooze is severely wounded.
The ooze hits you.
You completely miss the ooze. You bite the ooze. You drain its power.
You feel invigorated.
You kill the ooze!
The worm bites you!
You hit the worm. Your bite misses the worm.
The worm is lightly wounded.
You hit the worm. You bite the worm. You drain its power.
You feel invigorated.
The worm is severely wounded.
The worm bites you!
* * * LOW HITPOINT WARNING * * *
You hit the worm. You punch the worm, but do no damage.
The worm is severely wounded.
The worm bites you.
You die...

#..###.#.# ###
#..†...... ..# #
#.####.#.# #.#
#.##.##.#.#.###.######.
#.........#.#..........
####..###.#........#
#.......##.#.##
#..###........# #....#
#...#@#### ....#...
#...#w#
....######...#.# #..
...[......# #..
#.......†......#
#.###............ #
#..#########. #..# #..#


You could see a worm.

Vanquished Creatures
  An ooze (D:2)
  A worm (D:2)
  A giant gecko (D:1)
  4 bats
  A giant cockroach (D:2)
  3 hobgoblins (D:1)
  6 kobolds
  A ball python (D:2)
  A giant newt (D:2)
  7 goblins
  3 rats (D:1)
29 creatures vanquished.

Notes
Turn   | Place    | Note
--------------------------------------------------------------
     0 | D:1      | Ruokin the Vine Stalker Monk began the quest for the Orb.
     0 | D:1      | Reached XP level 1. HP: 11/11 MP: 2/2
   135 | D:1      | Reached XP level 2. HP: 16/16 MP: 3/3
   840 | D:1      | Reached XP level 3. HP: 19/19 MP: 4/4
  1122 | D:2      | Slain by a worm

Vault maps used:
D:1:      dpeg_arrival_pits, hangedman_decor_slide_cut, st_stairs_3
D:2:      vehumet_crystals, minmay_goblin_kobold_house

Action                   || total
-------------------------++-------
Melee: Unarmed           ||    86
  Use: Scroll            ||     2
 Stab: Sleeping          ||     3
